ESL (28 & UNDER)
PENQUANNOCK OVERRATED JETER @ READING RAINBOWS
05/10/2030
 
TOP OF THE 1ST
Penquannock Overrated Jeter batting - Pitching for Reading Rainbows : RHP Archie King
Pitching: RHP Archie King
Batting: SHB Martin Goodwin 0-0: Called Strike
0-1: Ball
1-1: Ball
2-1: SINGLE (Groundball, 34) (infield hit)
Batting: LHB Francisco Medina 0-0: Foul Ball, location: 2F
0-1: SINGLE (Groundball, 34D)
Martin Goodwin to second
Batting: RHB Gary Wyatt 0-0: Fly out, F8 (Flyball, 78D)
Batting: LHB Félix Costa 0-0: Ball
1-0: Grounds into double play, 4-6-3 (Groundball, 4)
Top of the 1st over - 0 runs, 2 hits, 0 errors, 1 left on base; Penquannock 0 - Reading 0
BOTTOM OF THE 1ST
Reading Rainbows batting - Pitching for Penquannock Overrated Jeter : RHP César Villanueva
Pitching: RHP César Villanueva
Batting: LHB Ismael Barajas 0-0: Called Strike
0-1: Ball
1-1: Ball
2-1: Fly out, F9 (Flyball, 9D)
Batting: LHB Ramón Morán 0-0: SOLO HOME RUN (Flyball, 9LD), Distance : 384 ft
Batting: RHB Ethan Moore 0-0: Ball
1-0: Fly out, F8 (Line Drive, 8LXD)
Batting: LHB Víctor Peña 0-0: Foul Ball, location: 2F
0-1: SINGLE (Flyball, 89S)
Batting: RHB Edmund Swanson 0-0: Called Strike
0-1: SINGLE (Line Drive, 7LS)
Víctor Peña to second
Batting: RHB Richard Case 0-0: Called Strike
0-1: Ball
1-1: Ball
2-1: Foul Ball, location: 2F
2-2: Fielders Choice at 2nd, 6-4 (Groundball, 6)
Bottom of the 1st over - 1 run, 3 hits, 0 errors, 2 left on base; Penquannock 0 - Reading 1
TOP OF THE 2ND
Penquannock Overrated Jeter batting - Pitching for Reading Rainbows : RHP Archie King
Batting: SHB Cristián López 0-0: Ball
1-0: Foul Ball, location: 2F
1-1: Foul Ball, location: 2F
1-2: Ball
2-2: Foul Ball, location: 2F
2-2: Ball
3-2: Foul Ball, location: 2F
3-2: Strikes out swinging
Batting: RHB Manny Perea 0-0: Ball
1-0: Called Strike
1-1: Swinging Strike
1-2: Foul Ball, location: 2F
1-2: Strikes out swinging
Batting: LHB José Morales 0-0: Called Strike
0-1: Swinging Strike
0-2: Foul Ball, location: 2F
0-2: Ball
1-2: Strikes out swinging
Top of the 2nd over - 0 runs, 0 hits, 0 errors, 0 left on base; Penquannock 0 - Reading 1
BOTTOM OF THE 2ND
Reading Rainbows batting - Pitching for Penquannock Overrated Jeter : RHP César Villanueva
Batting: LHB Dennis McConnell 0-0: Ground out 4-3 (Groundball, 4)
Batting: RHB Carlos Palomón 0-0: Ball
1-0: Fly out, F4 (Popup, 4)
Batting: SHB Johnny Jackson 0-0: SINGLE (Groundball, 6D)
Batting: LHB Ismael Barajas 0-0: Ball
1-0: Called Strike
1-1: Ball
2-1: Foul Ball, location: 2F
2-2: Ball
3-2: Base on Balls
Johnny Jackson to second
Batting: LHB Ramón Morán 0-0: Foul Ball, location: 2F
0-1: Ball
1-1: Called Strike
1-2: Fly out, F8 (Flyball, 8RS)
Bottom of the 2nd over - 0 runs, 1 hit, 0 errors, 2 left on base; Penquannock 0 - Reading 1
TOP OF THE 3RD
Penquannock Overrated Jeter batting - Pitching for Reading Rainbows : RHP Archie King
Batting: RHB Phil Wright 0-0: Foul Ball, location: 2F
0-1: Called Strike
0-2: Ball
1-2: SINGLE (Groundball, 6D)
Batting: LHB Eric Powell 0-0: Ball
1-0: Called Strike
1-1: Foul Ball, location: 2F
1-2: Strikes out swinging
Batting: SHB Martin Goodwin 0-0: Ball
1-0: Ball
2-0: Ball
3-0: Called Strike
3-1: Foul Ball, location: 2F
3-2: Base on Balls
Phil Wright to second
Batting: LHB Francisco Medina 0-0: Fly out, F8 (Flyball, 8LS)
Batting: RHB Gary Wyatt 0-0: Ball
1-0: Ball
2-0: Called Strike
2-1: Foul Ball, location: 2F
2-2: Foul Ball, location: 2F
2-2: Foul Ball, location: 2F
2-2: Strikes out swinging
Top of the 3rd over - 0 runs, 1 hit, 0 errors, 2 left on base; Penquannock 0 - Reading 1
BOTTOM OF THE 3RD
Reading Rainbows batting - Pitching for Penquannock Overrated Jeter : RHP César Villanueva
Batting: RHB Ethan Moore 0-0: Ball
1-0: Ball
2-0: Called Strike
2-1: Ball
3-1: Base on Balls
Batting: LHB Víctor Peña 0-0: Ball
1-0: Called Strike
1-1: SINGLE (Line Drive, 89S)
Ethan Moore to second
Batting: RHB Edmund Swanson 0-0: Called Strike
0-1: Ball
1-1: Fly out, F7 (Flyball, 78S)
Batting: RHB Richard Case 0-0: Called Strike
0-1: TRIPLE (Flyball, 8LXD)
Ethan Moore scores
Víctor Peña scores
Batting: LHB Dennis McConnell 0-0: Ball
1-0: Ball
2-0: Ball
3-0: Called Strike
3-1: Base on Balls
Batting: RHB Carlos Palomón 0-0: Fly out, F4 (Popup, 4)
Batting: SHB Johnny Jackson 0-0: Fielders Choice at 2nd, 6-4 (Groundball, 6)
Bottom of the 3rd over - 2 runs, 2 hits, 0 errors, 2 left on base; Penquannock 0 - Reading 3
TOP OF THE 4TH
Penquannock Overrated Jeter batting - Pitching for Reading Rainbows : RHP Archie King
Batting: LHB Félix Costa 0-0: Ball
1-0: Called Strike
1-1: Ball
2-1: Ball
3-1: Base on Balls
Batting: SHB Cristián López 0-0: Called Strike
Félix Costa steals 2nd base
0-1: Ball
1-1: Ball
2-1: Ball
3-1: Base on Balls
Batting: RHB Manny Perea 0-0: Called Strike
Cristián López is caught stealing 2nd base
0-1: 2-RUN HOME RUN (Flyball, 7LD), Distance : 384 ft
Batting: LHB José Morales 0-0: DOUBLE (Flyball, 89D) - OUT at third base trying to stretch hit.
Batting: RHB Phil Wright 0-0: Called Strike
0-1: Foul Ball, location: 2F
0-2: Strikes out swinging
Top of the 4th over - 2 runs, 2 hits, 0 errors, 0 left on base; Penquannock 2 - Reading 3
BOTTOM OF THE 4TH
Reading Rainbows batting - Pitching for Penquannock Overrated Jeter : RHP César Villanueva
Batting: LHB Ismael Barajas 0-0: Called Strike
0-1: Foul Ball, location: 2F
0-2: SOLO HOME RUN (Flyball, 9D), Distance : 375 ft
Batting: LHB Ramón Morán 0-0: Called Strike
0-1: Foul Ball, location: 2F
0-2: Ground out 6-3 (Groundball, 6)
Batting: RHB Ethan Moore 0-0: Ball
1-0: Fly out, F7 (Line Drive, 7D)
Batting: LHB Víctor Peña 0-0: Ball
1-0: Fly out, F4 (Popup, 4)
Bottom of the 4th over - 1 run, 1 hit, 0 errors, 0 left on base; Penquannock 2 - Reading 4
TOP OF THE 5TH
Penquannock Overrated Jeter batting - Pitching for Reading Rainbows : RHP Archie King
Batting: LHB Eric Powell 0-0: Ball
1-0: Ball
2-0: Fly out, F9 (Flyball, 9S)
Batting: SHB Martin Goodwin 0-0: Called Strike
0-1: Called Strike
0-2: Strikes out looking
Batting: LHB Francisco Medina 0-0: Swinging Strike
0-1: Ball
1-1: Ball
2-1: Swinging Strike
2-2: Ball
3-2: Strikes out looking
Top of the 5th over - 0 runs, 0 hits, 0 errors, 0 left on base; Penquannock 2 - Reading 4
BOTTOM OF THE 5TH
Reading Rainbows batting - Pitching for Penquannock Overrated Jeter : RHP César Villanueva
Batting: RHB Edmund Swanson 0-0: SOLO HOME RUN (Flyball, 7D), Distance : 376 ft
Batting: RHB Richard Case 0-0: Fly out, F7 (Flyball, 7S)
Batting: LHB Dennis McConnell 0-0: Ball
1-0: Called Strike
1-1: SOLO HOME RUN (Flyball, 7LD), Distance : 380 ft
Pitching: RHP Gilbert Bright
Batting: RHB Carlos Palomón 0-0: Ball
1-0: Foul Ball, location: 2F
1-1: Ball
2-1: Fly out, F9 (Flyball, 89M)
Batting: SHB Johnny Jackson 0-0: Ball
1-0: Called Strike
1-1: Called Strike
1-2: Strikes out looking
Bottom of the 5th over - 2 runs, 2 hits, 0 errors, 0 left on base; Penquannock 2 - Reading 6
TOP OF THE 6TH
Penquannock Overrated Jeter batting - Pitching for Reading Rainbows : RHP Archie King
Batting: RHB Gary Wyatt 0-0: Called Strike
0-1: Ball
1-1: Foul Ball, location: 2F
1-2: Foul Ball, location: 2F
1-2: Ground out 4-3 (Groundball, 4)
Batting: LHB Félix Costa 0-0: Ball
1-0: Ball
2-0: Foul Ball, location: 2F
2-1: SINGLE (Line Drive, 4MD)
Batting: SHB Cristián López 0-0: Ball
Félix Costa steals 2nd base
1-0: Foul Ball, location: 2F
1-1: Ball
2-1: Foul Ball, location: 2F
2-2: Ball
3-2: Base on Balls
Pitching: LHP Bill Parry
Batting: RHB Manny Perea 0-0: Ball
1-0: Ball
2-0: Called Strike
2-1: Called Strike
Félix Costa steals 3rd base
Cristián López to second
2-2: Ball
3-2: Foul Ball, location: 2F
3-2: Foul Ball, location: 2F
3-2: Base on Balls
Batting: LHB José Morales 0-0: Foul Ball, location: 2F
0-1: Swinging Strike
0-2: Ball
1-2: Foul Ball, location: 2F
1-2: Fly out, F9 (Line Drive, 89M)
Runner from 3rd tags up, SCORES, no throw
Batting: RHB Phil Wright 0-0: Ball
1-0: Ball
2-0: SINGLE (Flyball, 3D)
Cristián López to third
Manny Perea to second
Runner from 3rd tries for Home, SAFE, no throw
Batting: LHB Eric Powell 0-0: Called Strike
0-1: Ball
1-1: Ball
2-1: Foul Ball, location: 2F
2-2: Foul Ball, location: 2F
2-2: Ball
3-2: Strikes out swinging
Top of the 6th over - 2 runs, 2 hits, 0 errors, 2 left on base; Penquannock 4 - Reading 6
BOTTOM OF THE 6TH
Reading Rainbows batting - Pitching for Penquannock Overrated Jeter : RHP Gilbert Bright
Batting: LHB Ismael Barajas 0-0: Ball
1-0: Ground out 6-3 (Groundball, 6)
Batting: LHB Ramón Morán 0-0: Called Strike
0-1: Ball
1-1: Ball
2-1: Foul Ball, location: 2F
2-2: Ball
3-2: Base on Balls
Batting: RHB Ethan Moore 0-0: Ball
1-0: Called Strike
1-1: Ball
2-1: Called Strike
2-2: SINGLE (Line Drive, 6MD)
Ramón Morán to second
Batting: LHB Víctor Peña 0-0: Hit by Pitch
Ramón Morán to third
Ethan Moore to second
Batting: RHB Edmund Swanson 0-0: Called Strike
0-1: Called Strike
0-2: Strikes out looking
Batting: RHB Richard Case 0-0: Called Strike
0-1: Called Strike
0-2: Foul Ball, location: 2F
0-2: Foul Ball, location: 2F
0-2: Ball
1-2: Fielders Choice at 2nd, 6-4 (Groundball, 6)
Bottom of the 6th over - 0 runs, 1 hit, 0 errors, 3 left on base; Penquannock 4 - Reading 6
TOP OF THE 7TH
Penquannock Overrated Jeter batting - Pitching for Reading Rainbows : LHP Bill Parry
Batting: SHB Martin Goodwin 0-0: Called Strike
0-1: Foul Ball, location: 2F
0-2: Ball
1-2: Ball
2-2: Foul Ball, location: 2F
2-2: Strikes out looking
Batting: LHB Francisco Medina 0-0: Fly out, F8 (Flyball, 89M)
Batting: RHB Gary Wyatt 0-0: Ball
1-0: Ball
2-0: Ball
3-0: Base on Balls
Batting: LHB Félix Costa 0-0: Ball
1-0: Ball
2-0: Ball
3-0: Base on Balls
Gary Wyatt to second
Batting: SHB Cristián López 0-0: Called Strike
0-1: SINGLE (Line Drive, 89S)
Gary Wyatt to third
Félix Costa to second
Batting: RHB Manny Perea 0-0: Ball
1-0: Ball
2-0: Ball
3-0: Called Strike
3-1: Base on Balls
Gary Wyatt scores
Félix Costa to third
Cristián López to second
Batting: LHB José Morales 0-0: Swinging Strike
0-1: DOUBLE (Line Drive, 9D)
Félix Costa scores
Cristián López scores
Manny Perea to third
Runner from 3rd tries for Home, SAFE, throw made at trailing runner, OUT at third!
Top of the 7th over - 4 runs, 2 hits, 0 errors, 0 left on base; Penquannock 8 - Reading 6
BOTTOM OF THE 7TH
Reading Rainbows batting - Pitching for Penquannock Overrated Jeter : RHP Gilbert Bright
Batting: LHB Dennis McConnell 0-0: Ball
1-0: Called Strike
1-1: Ball
2-1: Swinging Strike
2-2: Ball
3-2: Foul Ball, location: 2F
3-2: Strikes out looking
Batting: RHB Carlos Palomón 0-0: Swinging Strike
0-1: Ground out 6-3 (Groundball, 6)
Batting: SHB Johnny Jackson 0-0: Ball
1-0: Ball
2-0: Called Strike
2-1: Called Strike
2-2: Foul Ball, location: 2F
2-2: Strikes out looking
Bottom of the 7th over - 0 runs, 0 hits, 0 errors, 0 left on base; Penquannock 8 - Reading 6
TOP OF THE 8TH
Penquannock Overrated Jeter batting - Pitching for Reading Rainbows : LHP Bill Parry
Pitching: RHP Manny Ramos
Batting: RHB Phil Wright 0-0: Called Strike
0-1: Foul Ball, location: 2F
0-2: Foul Ball, location: 2F
0-2: SOLO HOME RUN (Flyball, 7D), Distance : 380 ft
Batting: LHB Eric Powell 0-0: Swinging Strike
0-1: Swinging Strike
0-2: Strikes out looking
Batting: SHB Martin Goodwin 0-0: Ball
1-0: Ball
2-0: Ball
3-0: Called Strike
3-1: Called Strike
3-2: Foul Ball, location: 2F
3-2: Foul Ball, location: 2F
3-2: Fly out, F9 (Flyball, 9LSF)
Batting: LHB Francisco Medina 0-0: Called Strike
0-1: Called Strike
0-2: Ball
1-2: Strikes out looking
Top of the 8th over - 1 run, 1 hit, 0 errors, 0 left on base; Penquannock 9 - Reading 6
BOTTOM OF THE 8TH
Reading Rainbows batting - Pitching for Penquannock Overrated Jeter : RHP Gilbert Bright
Batting: LHB Ismael Barajas 0-0: Foul Ball, location: 2F
0-1: Foul Ball, location: 2F
0-2: Ball
1-2: Strikes out swinging
Batting: LHB Ramón Morán 0-0: Called Strike
0-1: Foul Ball, location: 2F
0-2: Foul Ball, location: 2F
0-2: Ball
1-2: Ball
2-2: Strikes out swinging, 2-3 out at first.
Batting: RHB Ethan Moore 0-0: Called Strike
0-1: Ball
1-1: Foul Ball, location: 2F
1-2: Ball
2-2: Ball
3-2: Foul Ball, location: 2F
3-2: Strikes out looking
Bottom of the 8th over - 0 runs, 0 hits, 0 errors, 0 left on base; Penquannock 9 - Reading 6
TOP OF THE 9TH
Penquannock Overrated Jeter batting - Pitching for Reading Rainbows : RHP Manny Ramos
Batting: RHB Gary Wyatt 0-0: Called Strike
0-1: Ball
1-1: Ball
2-1: Swinging Strike
2-2: DOUBLE (Line Drive, 89XD)
Batting: LHB Félix Costa 0-0: Called Strike
0-1: Foul Ball, location: 2F
0-2: Ball
1-2: Strikes out swinging
Batting: SHB Cristián López 0-0: Called Strike
0-1: Fly out, F9 (Flyball, 9D)
Runner from 2nd tags up, SAFE at 3rd, no throw
Batting: RHB Manny Perea 0-0: Ball
1-0: Fly out, F8 (Flyball, 78D)
Top of the 9th over - 0 runs, 1 hit, 0 errors, 1 left on base; Penquannock 9 - Reading 6
BOTTOM OF THE 9TH
Reading Rainbows batting - Pitching for Penquannock Overrated Jeter : RHP Gilbert Bright
Batting: LHB Víctor Peña 0-0: Ball
1-0: Ball
2-0: Ball
3-0: SOLO HOME RUN (Line Drive, 9LD), Distance : 381 ft
Batting: RHB Edmund Swanson 0-0: Called Strike
0-1: Ball
1-1: Ball
2-1: SINGLE (Groundball, 6D)
Pinch Runner at 1st Carlos Huerta:
Batting: RHB Richard Case 0-0: Foul Ball, location: 2F
0-1: SINGLE (Flyball, 9LS)
Carlos Huerta to second
Batting: LHB Dennis McConnell 0-0: Ball
1-0: Ball
2-0: Foul Ball, location: 2F
2-1: Foul Ball, location: 2F
2-2: Fielders Choice at 2nd, 6-4 (Groundball, 56)
Carlos Huerta to third
Batting: RHB Carlos Palomón 0-0: Ball
1-0: Swinging Strike
1-1: SINGLE (Line Drive, 56D)
Carlos Huerta scores
Dennis McConnell to second
Runner from 2nd tries for 3rd, SAFE, no throw
Batting: SHB Johnny Jackson 0-0: Ball
1-0: Ball
2-0: Ball
3-0: Called Strike
3-1: Base on Balls
Carlos Palomón to second
Batting: LHB Ismael Barajas 0-0: Ball
1-0: Foul Ball, location: 2F
1-1: Foul Ball, location: 2F
1-2: SINGLE (Groundball, 4MD)
Dennis McConnell scores
Carlos Palomón to third
Johnny Jackson to second
Runner from 3rd tries for Home, SAFE, no throw
Saturday, April 7th, 2018 - OOTP Baseball 18.8 Build 76